 Dungeon Crawl Stone Soup version 0.31-a0-277-g31ea1f65cc (webtiles) character file.

Game seed: 2495167055006800775

149 LeprechaunX the Changeling (level 5, -3/24 HPs)
             Began as a Felid Shapeshifter on July 16, 2023.
             Was a Plaything of Xom.
             Killed from afar by an orc wizard (8 damage)
             ... with a magic dart
             ... on level 3 of the Dungeon.
             The game lasted 00:03:36 (2813 turns).

LeprechaunX the Changeling (Felid Shapeshifter)     Turns: 2813, Time: 00:03:37

Health: -3/24      AC:  1    Str: 13    XL:     5   Next: 9%
Magic:  6/6        EV: 19    Int:  9    God:    Xom [..*...]
Gold:   103        SH:  0    Dex: 17    Spells: 4/4 levels left
                                        Lives:  0   Deaths: 1

rFire   . .          .
                       - Unarmed
rCold   . . .        (shield unavailable)
rNeg    . . .        (body armour unavailable)
rPois   .            (helmet unavailable)
rElec   .            (cloak unavailable)
rCorr   .            (gloves unavailable)
SInv    +            (boots unavailable)
Will    .....        (no amulet)
Stlth   ++           (no ring)
HPRegen 0.24/turn    (no ring)
MPRegen 0.10/turn

%: no passive effects
@: beast-form, quick
A: beast (slay +3), very small, claws 1, fangs 3, see invisible, speed 1, shaggy
fur 1, stealthy paws, no weapons or thrown items, no armour, multi-lived
a: Begin Untransformation, Renounce Religion


You were on level 3 of the Dungeon.
You worshipped Xom.
You were a toy of Xom.
You were a hulking beast.
You visited 1 branch of the dungeon, and saw 3 of its levels.

You collected 103 gold pieces.

Inventory:

Talismans
 b - a beast talisman
Scrolls
 c - a scroll of fear {unknown}
 d - 2 scrolls of blinking {unknown}
 f - 5 scrolls of identify {unknown}
 h - a scroll of noise {unknown}
 i - 2 scrolls of enchant armour {unknown}
 j - 2 scrolls of immolation {unknown}
Potions
 a - a potion of lignification
 e - a potion of heal wounds {unknown}
 g - a potion of brilliance {unknown}
 k - a potion of invisibility {unknown}
 l - 2 potions of curing {unknown}
 m - a potion of might {unknown}


   Skills:
 + Level 3.1 Fighting
 + Level 4.2 Dodging
 + Level 3.0 Unarmed Combat
 * Level 4.5 Shapeshifting


You had 4 spell levels left.
You didn't know any spells.
Your spell library contained the following spells:

 Spells                   Type           Power      Damage    Failure   Level
 Sandblast                Erth           0%         2d4       38%         1
 Passwall                 Tmut/Erth      0%         N/A       52%         2
 Hailstorm                Conj/Ice       0%         3d3       77%         3
 Stone Arrow              Conj/Erth      0%         3d7       77%         3
 Summon Ice Beast         Ice/Summ       0%         N/A       99%         4
 Summon Lightning Spire   Summ/Air       0%         N/A       99%         4
 Lee's Rapid Deconstruct  Erth           0%         3d4*      100%        5
 Simulacrum               Ice/Necr       0%         N/A       100%        6
 Animate Armour           Summ/Erth      Unusable   N/A       N/A         4

Dungeon Overview and Level Annotations

Branches:
Dungeon (3/15)

Altars:
Ashenzari
Gozag
Makhleb
Nemelex Xobeh
Trog
Vehumet
Wu Jian
Xom
Yredelemnul

Shops:
D:2 [


Innate Abilities, Weirdness & Mutations

You are a hulking beast.
Your limbs bulge with bestial killing power. (Slay +3)
You have sharp claws.
You have razor-sharp teeth.
You have supernaturally acute eyesight. (SInv)
You cover ground quickly. (Speed+)
You are covered in fur. (AC +1)
Your paws help you pounce on unaware monsters.
You are incapable of wielding weapons or throwing items.
You cannot wear armour.
You gain extra lives every three experience levels.


Message History

You miss the orc wizard. Your bite misses the orc wizard.
The orc wizard hits you with a +0 dagger.
The orc wizard mumbles some strange words.
The orc wizard flickers and vanishes for a moment.
The orc priest invokes the aid of Beogh against you.
Beogh smites you! Xom's power flows through you! A chill wind blows around you.
Things that are here:
a +0 dagger; an orc corpse The orc wizard misses you.
The orc priest closely misses you.
You bump into the rock wall.
You feel less confused.
The orc wizard hits you with a +0 dagger.
* * * LOW HITPOINT WARNING * * *
The orc priest misses you.
You claw the orc priest!
The orc priest is heavily wounded.
The orc wizard closely misses you.
The orc priest calls down the wrath of Beogh upon you.
Pain shoots through your body!
* * * LOW HITPOINT WARNING * * *
You scratch the orc priest.
The orc priest is severely wounded.
The orc wizard misses you. The orc priest completely misses you.
You scratch the orc priest but do no damage.
You claw the orc priest, but do no damage.
The orc priest is severely wounded.
The orc wizard hits you with a +0 dagger.
* * * LOW HITPOINT WARNING * * *
The orc priest completely misses you.
You scratch the orc priest. You claw the orc priest.
You kill the orc priest!
The orc wizard closely misses you.
Your Unarmed Combat skill increases to level 3!
You have reached level 5!
You feel agile.
The orc wizard gestures at you while chanting.
The magic dart hits you!
You die...

.......###..### ##.#.#
.......#_...._# #.#.#
#..†.#####..########
##.#.
#....####...._#....#
#.###
#>.....##8..8####'######
##.#.
####..........##.......#
#.#.#
####.##.....#..#.......#
##.#.
.....##.....#..#.......#
#.###
#######.....'..#h......#
##.#. #.....#oo.Y......#
#.#.# #.....#.##)......#
##.#. #######.##.......#
#.### #.##.......# ##.#.
#.##.......# #.#.#
#.##.......# ##.#.
#.##.......# #.###
######## #.####..#+##
##.#.


You could see 2 orc wizards and a friendly ice beast (summoned).

Vanquished Creatures
  A howler monkey (D:3)
  2 orc priests (D:3)
  2 adders
  2 worms
  2 orcs (D:3)
  4 endoplasms
  6 giant cockroaches
  7 goblins
  4 hobgoblins
  3 jackals (D:1)
  7 kobolds
  5 quokkas
  10 ball pythons
  7 bats
  2 frilled lizards (D:2)
  7 rats
71 creatures vanquished.

Notes
Turn   | Place    | Note
-------+----------+-------------------------------------------
     0 | D:1      | LeprechaunX the Felid Shapeshifter began the quest for the
                  | Orb.
     0 | D:1      | Reached XP level 1. HP: 9/9 MP: 2/2
    75 | D:1      | Reached XP level 2. HP: 11/13 MP: 3/3
   494 | D:1      | Reached XP level 3. HP: 12/16 MP: 4/4
  1369 | D:2      | Found Ziecs's Antique Armour Shop.
  1852 | D:2      | Reached XP level 4. HP: 20/20 MP: 5/5
  2175 | D:3      | Found an opulent altar of Gozag.
  2182 | D:3      | Found a shimmering altar of Xom.
  2186 | D:3      | Found a bloodstained altar of Trog.
  2187 | D:3      | Found a basalt altar of Yredelemnul.
  2187 | D:3      | Found a broken altar of Ashenzari.
  2187 | D:3      | Found a radiant altar of Vehumet.
  2192 | D:3      | Found a sparkling altar of Nemelex Xobeh.
  2194 | D:3      | Found a burning altar of Makhleb.
  2195 | D:3      | Found an ornate altar of the Wu Jian Council.
  2204 | D:3      | Became a worshipper of Xom of Chaos
  2243 | D:3      | XOM: silly message
  2279 | D:3      | Slain by an orc priest
  2280 | D:3      | Reached XP level 3. HP: -3/16 MP: 4/4
  2388 | D:3      | XOM: silly message
  2486 | D:3      | Reached XP level 4. HP: 7/20 MP: 5/5
  2778 | D:3      | XOM: god gift: 4 stones
  2806 | D:3      | XOM: cast spell 'Summon Ice Beast'
  2813 | D:3      | Reached XP level 5. HP: 5/24 MP: 6/6
  2813 | D:3      | Killed from afar by an orc wizard

Illustrated notes

Levels and vault maps discovered:
D:1:      onia_arrival_handbag, layout_basic
D:2:      layout_basic, serial_shops, nicolae_shop_waterfront, minmay_distorted
D:3:      layout_basic, minitemple, roderic_roman_lattice, chequers_big_river,
          kennysheep_orc_chapel

Skill      XL: |  1  2  3  4 |
---------------+-------------+-----
Dodging        | 3 4 |  4.2
Shapeshifting  | 4 |  4.5
Fighting       | 3 |  3.1
Unarmed Combat | 3 |  3.0

Action                     |  1- 3 |  4- 6 || total
---------------------------+-------+-------++-------
  Melee: Unarmed           |   114 |    50 ||   164
         Bite              |    11 |     5 ||    16
         Punch             |     1 |     2 ||     3
   Stab: Sleeping          |     7 |       ||     7
 Armour: Skin              |    12 |       ||    12
  Dodge: Dodged            |    80 |    39 ||   119

Table legend: (Time is in decaauts)
 A = Elapsed time spent in this place.
 B = Non-inter-level travel time spent in this place.
 C = Inter-level travel time spent in this place.
 D = Time resting spent in this place.
 E = Time spent auto-exploring this place.
 F = Levels seen in this place.
 G = Mean time per level.
                   A        B        C        D        E       F      G
               +--------+--------+--------+--------+--------+-----+--------+
         Total |   2343 |   2256 |     87 |     97 |   1747 |   3 |  781.0 |
       Dungeon |   2343 |   2256 |     87 |     97 |   1747 |   3 |  781.0 |
               +--------+--------+--------+--------+--------+-----+--------+

Top non-repeatable levels by time:
     D:2: 863 daAuts
     D:1: 778 daAuts
     D:3: 701 daAuts
